General information
- name: BNet
- type: Ladder team game (AT/RT)
- host: Battle.net
- saver: MoonCricket
map: FullScaleAssault
- players: 8
- length: 73:54
- speed: Fast
- version: 1.28 W3XP
- replay type: Public
» download(430 KB)
Players
team 1 (loser)
Grimey (
green | 16 APM | 1161 actions | 73:54)
3 Mountain King
2 Storm Bolt
1 Bash
2 Paladin
1 Holy Light
1 Divine Shield
» actions
| Assign group hotkey | 80 | |
| Basic commands | 28 | |
| Build / train | 76 | |
| ESC pressed | 1 | |
| Enter build submenu | 34 | |
| Enter hero's abilities submenu | 5 | |
| Right click | 318 | |
| Select / deselect | 333 | |
| Select group hotkey | 228 | |
| Use ability | 58 | |
1161 total
» units
| Peasant | 18 | |
| Footman | 5 | |
| Goblin Zeppelin | 1 | |
| Gryphon Rider | 8 | |
| Goblin Shredder | 3 | |
| Dragonhawk Rider | 5 | |
| Goblin Sapper | 1 | |
| Siege Engine | 1 | |
42 total
» upgrades
| Defend | 1 | |
| Lumber Harvesting | 2 | |
| Swords | 3 | |
| Storm Hammers | 1 | |
| Animal War Training | 1 | |
| Cloud | 1 | |
| Armor | 3 | |
| Barrage | 1 | |
| Masonry | 2 | |
15 total
» buildings
| Barracks | 1 | |
| Farm | 11 | |
| Altar of Kings | 2 | |
| Keep | 2 | |
| Arcane Vault | 1 | |
| Scout Tower | 6 | |
| Lumber Mill | 1 | |
| Town Hall | 4 | |
| Arcane Tower | 1 | |
| Castle | 3 | |
| Guard Tower | 5 | |
| Gryphon Aviary | 3 | |
| Blacksmith | 1 | |
| Workshop | 1 | |
42 total
» build order
00:06 Barracks
00:33 Farm
01:03 Farm
01:10 Altar of Kings
01:42 Farm
02:49 Keep
02:50 Keep
04:24 Arcane Vault
05:22 Scout Tower
05:24 Scout Tower
05:25 Scout Tower
05:30 Lumber Mill
05:34 Farm
05:51 Town Hall
05:53 Arcane Tower
06:15 Farm
06:36 Castle
06:36 Castle
06:36 Castle
07:01 Guard Tower
07:14 Guard Tower
10:15 Town Hall
10:48 Gryphon Aviary
10:51 Gryphon Aviary
10:57 Blacksmith
13:23 Scout Tower
14:10 Guard Tower
14:12 Scout Tower
15:48 Gryphon Aviary
16:25 Farm
17:22 Farm
17:49 Guard Tower
18:03 Workshop
18:14 Farm
19:06 Farm
19:51 Town Hall
20:10 Farm
22:24 Farm
22:51 Scout Tower
22:53 Town Hall
23:18 Guard Tower
27:00 Altar of Kings
» items
MoonCricket (
yellow | 31 APM | 2289 actions | 73:54)
6 Blademaster
3 Wind Walk
2 Critical Strike
1 Bladestorm
» actions
| Assign group hotkey | 34 | |
| Basic commands | 257 | |
| Build / train | 81 | |
| Enter build submenu | 50 | |
| Enter hero's abilities submenu | 6 | |
| Give item / drop item | 12 | |
| Remove unit from queue | 1 | |
| Right click | 821 | |
| Select / deselect | 488 | |
| Select group hotkey | 409 | |
| Use ability | 130 | |
2289 total
» units
| Peon | 11 | |
| Grunt | 5 | |
| Goblin Shredder | 1 | |
| Goblin Zeppelin | 6 | |
| Wind Rider | 6 | |
| Goblin Sapper | 14 | |
| Blue Dragon | 2 | |
45 total
» upgrades
| Armor | 3 | |
| Troll Regeneration | 1 | |
| Reinforced Defenses | 1 | |
| Ranged Weapons | 3 | |
| Pillage | 1 | |
| Envenomed Spears | 1 | |
| Liquid Fire | 1 | |
| Ensnare | 1 | |
| War Drums Damage Increase | 1 | |
| Spiked Barricades | 1 | |
14 total
» buildings
| Orc Burrow | 7 | |
| Altar of Storms | 1 | |
| Barracks | 1 | |
| Voodoo Lounge | 2 | |
| Stronghold | 1 | |
| Great Hall | 4 | |
| War Mill | 1 | |
| Fortress | 1 | |
| Watch Tower | 44 | |
| Beastiary | 4 | |
66 total
» build order
00:15 Orc Burrow
00:51 Altar of Storms
00:53 Barracks
01:04 Orc Burrow
01:41 Voodoo Lounge
02:49 Stronghold
04:41 Great Hall
04:44 Orc Burrow
05:44 War Mill
06:01 Fortress
07:20 Watch Tower
07:21 Watch Tower
07:21 Watch Tower
07:21 Watch Tower
07:27 Beastiary
07:28 Beastiary
07:31 Beastiary
07:44 Orc Burrow
11:47 Watch Tower
11:48 Watch Tower
11:49 Watch Tower
11:50 Watch Tower
11:51 Watch Tower
11:52 Watch Tower
11:53 Watch Tower
11:54 Watch Tower
11:55 Watch Tower
11:56 Watch Tower
12:01 Beastiary
12:03 Watch Tower
12:04 Watch Tower
12:06 Watch Tower
12:07 Watch Tower
12:08 Watch Tower
12:09 Watch Tower
19:16 Watch Tower
19:17 Watch Tower
19:17 Watch Tower
19:18 Watch Tower
19:19 Watch Tower
19:20 Watch Tower
19:21 Watch Tower
19:22 Watch Tower
19:23 Watch Tower
19:24 Watch Tower
19:25 Watch Tower
20:28 Orc Burrow
20:32 Orc Burrow
20:34 Orc Burrow
21:04 Watch Tower
21:06 Watch Tower
21:09 Watch Tower
21:11 Watch Tower
21:14 Watch Tower
22:19 Great Hall
22:31 Watch Tower
22:32 Watch Tower
22:34 Voodoo Lounge
22:35 Watch Tower
25:37 Watch Tower
25:37 Watch Tower
25:38 Watch Tower
25:38 Watch Tower
25:39 Watch Tower
40:28 Great Hall
40:36 Great Hall
» items
| Healing Salve | 3 | |
| Scroll of Town Portal | 1 | |
| Orb of Lightning | 2 | |
| Staff of Teleportation | 1 | |
| Potion of Lesser Invulnerability | 1 | |
| Tiny Great Hall | 2 | |
| Periapt of Vitality | 2 | |
12 total
GERALT-CIRI (
pink | 29 APM | 1280 actions | 43:35)
5 Blademaster
3 Wind Walk
2 Critical Strike
» actions
| Assign group hotkey | 19 | |
| Basic commands | 73 | |
| Build / train | 44 | |
| Enter build submenu | 17 | |
| Enter hero's abilities submenu | 6 | |
| Give item / drop item | 4 | |
| Right click | 475 | |
| Select / deselect | 272 | |
| Select group hotkey | 307 | |
| Use ability | 63 | |
1280 total
» units
| Peon | 8 | |
| Wind Rider | 5 | |
| Goblin Zeppelin | 2 | |
| Goblin Shredder | 1 | |
| Blue Dragon | 1 | |
17 total
» upgrades
| Reinforced Defenses | 1 | |
| Ranged Weapons | 2 | |
| Armor | 2 | |
| Liquid Fire | 1 | |
| Envenomed Spears | 1 | |
| Ensnare | 1 | |
8 total
» buildings
| Altar of Storms | 1 | |
| Orc Burrow | 6 | |
| Voodoo Lounge | 1 | |
| Stronghold | 2 | |
| War Mill | 1 | |
| Fortress | 1 | |
| Beastiary | 3 | |
| Watch Tower | 13 | |
28 total
» build order
00:18 Altar of Storms
00:22 Orc Burrow
01:00 Voodoo Lounge
02:19 Stronghold
02:19 Stronghold
02:27 Orc Burrow
02:45 Orc Burrow
02:46 Orc Burrow
03:16 War Mill
05:30 Fortress
05:35 Beastiary
05:36 Beastiary
09:45 Watch Tower
09:47 Watch Tower
09:49 Watch Tower
10:09 Watch Tower
10:19 Watch Tower
10:25 Watch Tower
10:25 Watch Tower
11:24 Watch Tower
11:37 Watch Tower
11:39 Watch Tower
11:41 Watch Tower
11:42 Watch Tower
11:44 Watch Tower
14:32 Beastiary
15:52 Orc Burrow
16:30 Orc Burrow
» items
| Healing Salve | 2 | |
| Lesser Clarity Potion | 2 | |
| Tiny Great Hall | 1 | |
| Staff of Teleportation | 1 | |
| Potion of Lesser Invulnerability | 1 | |
| Orb of Lightning | 1 | |
| Scroll of Town Portal | 1 | |
9 total
AFKER_TKER_BSER (
blue | 22 APM | 1657 actions | 73:54)
7 Crypt Lord
3 Carrion Beetles
3 Spiked Carapace
1 Locust Swarm
» actions
| Assign group hotkey | 18 | |
| Basic commands | 53 | |
| Build / train | 65 | |
| ESC pressed | 1 | |
| Enter build submenu | 33 | |
| Enter hero's abilities submenu | 8 | |
| Give item / drop item | 3 | |
| Remove unit from queue | 1 | |
| Right click | 606 | |
| Select / deselect | 609 | |
| Select group hotkey | 134 | |
| Use ability | 126 | |
1657 total
» units
| Acolyte | 12 | |
| Ghoul | 12 | |
| Gargoyle | 8 | |
| Meatwagon | 3 | |
| Goblin Zeppelin | 2 | |
37 total
» upgrades
| Creature Attack | 3 | |
| Creature Carapace | 2 | |
5 total
» buildings
| Crypt | 3 | |
| Altar of Darkness | 1 | |
| Ziggurat | 14 | |
| Tomb of Relics | 1 | |
| Graveyard | 1 | |
| Halls of the Dead | 3 | |
| Necropolis | 3 | |
| Black Citadel | 1 | |
| Spirit Tower | 3 | |
| Slaughterhouse | 4 | |
34 total
» build order
00:11 Crypt
01:02 Altar of Darkness
01:05 Ziggurat
01:08 Ziggurat
01:27 Tomb of Relics
02:34 Ziggurat
02:38 Graveyard
02:45 Ziggurat
03:41 Halls of the Dead
03:41 Halls of the Dead
06:03 Necropolis
06:12 Black Citadel
07:02 Crypt
07:03 Crypt
19:48 Necropolis
19:48 Ziggurat
19:50 Ziggurat
19:52 Ziggurat
19:55 Ziggurat
20:01 Ziggurat
20:02 Ziggurat
20:03 Ziggurat
20:05 Ziggurat
20:06 Ziggurat
21:34 Spirit Tower
21:37 Spirit Tower
22:35 Slaughterhouse
22:36 Slaughterhouse
22:37 Slaughterhouse
22:47 Slaughterhouse
23:51 Spirit Tower
25:38 Necropolis
51:01 Halls of the Dead
» items
| Rod of Necromancy | 1 | |
| Boots of Speed | 1 | |
| Potion of Lesser Invulnerability | 1 | |
| Scroll of Healing | 1 | |
| Scroll of Town Portal | 1 | |
| Potion of Healing | 1 | |
| Orb of Corruption | 1 | |
7 total
team 2 (winner)
PennyHardaway (
red | 6 APM | 465 actions | 73:54)
2 Dreadlord
1 Sleep
1 Vampiric Aura
» actions
| Basic commands | 53 | |
| Build / train | 30 | |
| Enter build submenu | 10 | |
| Enter hero's abilities submenu | 2 | |
| Give item / drop item | 2 | |
| Right click | 123 | |
| Select / deselect | 202 | |
| Use ability | 43 | |
465 total
» units
| Acolyte | 9 | |
| Ghoul | 1 | |
| Crypt Fiend | 7 | |
| Goblin Shredder | 1 | |
18 total
» buildings
| Crypt | 1 | |
| Graveyard | 1 | |
| Altar of Darkness | 1 | |
| Ziggurat | 4 | |
| Tomb of Relics | 1 | |
| Nerubian Tower | 1 | |
| Spirit Tower | 1 | |
| Necropolis | 1 | |
| Halls of the Dead | 2 | |
13 total
» build order
00:23 Crypt
00:27 Graveyard
00:53 Altar of Darkness
00:57 Ziggurat
01:19 Ziggurat
01:42 Tomb of Relics
03:11 Nerubian Tower
03:14 Spirit Tower
03:51 Necropolis
05:38 Ziggurat
05:40 Ziggurat
06:00 Halls of the Dead
06:00 Halls of the Dead
» items
MisanthropiC- (
purple | 52 APM | 704 actions | 13:35)
2 Blood Mage
1 Flame Strike
1 Banish
» actions
| Assign group hotkey | 1 | |
| Basic commands | 5 | |
| Build / train | 65 | |
| ESC pressed | 6 | |
| Enter build submenu | 39 | |
| Enter hero's abilities submenu | 2 | |
| Give item / drop item | 2 | |
| Right click | 315 | |
| Select / deselect | 198 | |
| Select group hotkey | 1 | |
| Use ability | 70 | |
704 total
» units
| Peasant | 23 | |
| Goblin Shredder | 3 | |
| Siege Engine | 1 | |
27 total
» upgrades
| Masonry | 1 | |
| Lumber Harvesting | 1 | |
| Gunpowder | 1 | |
| Plating | 1 | |
| Barrage | 1 | |
5 total
» buildings
| Altar of Kings | 1 | |
| Farm | 6 | |
| Scout Tower | 19 | |
| Lumber Mill | 1 | |
| Arcane Tower | 6 | |
| Town Hall | 1 | |
| Guard Tower | 12 | |
| Keep | 1 | |
| Castle | 1 | |
| Blacksmith | 1 | |
| Workshop | 4 | |
53 total
» build order
00:29 Altar of Kings
00:44 Farm
01:20 Scout Tower
01:26 Farm
01:38 Lumber Mill
01:58 Arcane Tower
01:58 Arcane Tower
01:58 Arcane Tower
02:08 Farm
03:31 Town Hall
03:40 Scout Tower
03:45 Scout Tower
04:15 Arcane Tower
04:17 Scout Tower
04:45 Guard Tower
05:39 Scout Tower
05:50 Scout Tower
05:56 Scout Tower
06:00 Scout Tower
06:05 Guard Tower
06:06 Guard Tower
06:08 Keep
06:17 Guard Tower
06:18 Scout Tower
06:23 Scout Tower
06:29 Guard Tower
06:31 Scout Tower
06:37 Scout Tower
06:54 Guard Tower
06:57 Scout Tower
06:57 Scout Tower
07:21 Scout Tower
07:23 Scout Tower
07:24 Guard Tower
07:26 Scout Tower
07:27 Scout Tower
07:49 Guard Tower
08:05 Guard Tower
08:24 Arcane Tower
08:25 Guard Tower
08:48 Guard Tower
08:48 Guard Tower
10:01 Castle
10:03 Blacksmith
12:08 Scout Tower
12:10 Workshop
12:12 Workshop
12:13 Workshop
12:16 Workshop
12:38 Arcane Tower
13:27 Farm
13:28 Farm
13:28 Farm
» items
| Boots of Speed | 1 | |
| Staff of Teleportation | 1 | |
| Lesser Clarity Potion | 2 | |
| Scroll of Regeneration | 1 | |
| Potion of Healing | 1 | |
6 total
LETSGOTOWORK (
orange | 44 APM | 3193 actions | 73:21)
5 Archmage
2 Summon Water Elemental
2 Brilliance Aura
1 Blizzard
3 Blood Mage
2 Flame Strike
1 Banish
» actions
| Assign group hotkey | 68 | |
| Basic commands | 154 | |
| Build / train | 242 | |
| ESC pressed | 18 | |
| Enter build submenu | 83 | |
| Enter hero's abilities submenu | 8 | |
| Give item / drop item | 6 | |
| Remove unit from queue | 3 | |
| Right click | 772 | |
| Select / deselect | 832 | |
| Select group hotkey | 704 | |
| Use ability | 303 | |
3193 total
» units
| Peasant | 25 | |
| Footman | 8 | |
| Goblin Shredder | 6 | |
| Goblin Zeppelin | 12 | |
| Gryphon Rider | 3 | |
| Dragonhawk Rider | 3 | |
| Sorceress | 2 | |
| Knight | 1 | |
| Flying Machine | 2 | |
62 total
» upgrades
| Masonry | 3 | |
| Storm Hammers | 1 | |
| Cloud | 1 | |
| Sorceress Training | 2 | |
| Priest Training | 2 | |
| Swords | 3 | |
| Armor | 3 | |
| Lumber Harvesting | 2 | |
| Magic Sentry | 1 | |
| Animal War Training | 1 | |
| Plating | 3 | |
| Gunpowder | 3 | |
| Long Rifles | 1 | |
| Control Magic | 1 | |
| Defend | 1 | |
| Backpack | 1 | |
| Flak Cannons | 1 | |
| Barrage | 1 | |
| Fragmentation Shards | 1 | |
| Flare | 1 | |
| Flying Machine Bombs | 2 | |
35 total
» buildings
| Altar of Kings | 1 | |
| Barracks | 1 | |
| Farm | 10 | |
| Arcane Vault | 2 | |
| Lumber Mill | 1 | |
| Keep | 8 | |
| Town Hall | 4 | |
| Scout Tower | 52 | |
| Guard Tower | 64 | |
| Castle | 4 | |
| Gryphon Aviary | 6 | |
| Arcane Sanctum | 2 | |
| Blacksmith | 1 | |
| Workshop | 4 | |
160 total
» build order
00:52 Altar of Kings
00:53 Barracks
00:55 Farm
01:06 Farm
01:12 Farm
01:56 Arcane Vault
02:25 Lumber Mill
02:38 Farm
03:24 Keep
03:24 Keep
03:24 Keep
04:30 Town Hall
05:16 Scout Tower
05:17 Scout Tower
05:57 Guard Tower
05:58 Guard Tower
06:30 Guard Tower
06:30 Guard Tower
06:39 Guard Tower
06:39 Guard Tower
06:39 Guard Tower
09:54 Castle
09:54 Castle
11:37 Gryphon Aviary
11:38 Gryphon Aviary
11:48 Scout Tower
11:49 Scout Tower
11:49 Scout Tower
12:37 Scout Tower
12:38 Scout Tower
12:38 Scout Tower
12:39 Scout Tower
12:40 Scout Tower
13:20 Guard Tower
13:20 Guard Tower
13:47 Guard Tower
13:47 Guard Tower
14:13 Guard Tower
14:47 Farm
14:48 Farm
14:50 Farm
15:17 Scout Tower
15:21 Scout Tower
16:01 Guard Tower
16:37 Guard Tower
16:37 Guard Tower
16:37 Guard Tower
16:43 Arcane Sanctum
16:46 Arcane Sanctum
17:34 Blacksmith
17:43 Town Hall
17:45 Scout Tower
17:46 Scout Tower
17:47 Scout Tower
17:49 Scout Tower
17:49 Scout Tower
17:52 Scout Tower
17:54 Scout Tower
17:56 Scout Tower
17:58 Scout Tower
18:15 Guard Tower
18:15 Guard Tower
18:16 Guard Tower
18:17 Guard Tower
18:17 Guard Tower
18:21 Guard Tower
18:21 Guard Tower
18:21 Guard Tower
18:44 Guard Tower
18:44 Guard Tower
19:01 Guard Tower
19:01 Guard Tower
19:37 Guard Tower
19:38 Guard Tower
19:38 Keep
19:38 Keep
21:04 Town Hall
21:06 Scout Tower
21:07 Scout Tower
21:08 Scout Tower
21:09 Scout Tower
21:36 Guard Tower
21:36 Guard Tower
21:39 Guard Tower
21:39 Guard Tower
22:06 Guard Tower
22:06 Guard Tower
22:07 Scout Tower
22:08 Scout Tower
22:09 Guard Tower
22:10 Guard Tower
22:24 Scout Tower
22:25 Scout Tower
22:27 Scout Tower
22:31 Scout Tower
22:36 Gryphon Aviary
22:38 Gryphon Aviary
22:44 Farm
22:47 Farm
22:49 Farm
22:53 Guard Tower
22:53 Guard Tower
22:55 Guard Tower
22:56 Guard Tower
22:59 Guard Tower
22:59 Guard Tower
23:15 Guard Tower
23:15 Guard Tower
23:17 Scout Tower
23:18 Scout Tower
23:20 Scout Tower
23:22 Scout Tower
23:34 Castle
23:34 Castle
23:45 Scout Tower
23:47 Scout Tower
23:49 Scout Tower
24:26 Guard Tower
24:26 Guard Tower
24:26 Guard Tower
24:41 Guard Tower
24:42 Guard Tower
25:35 Workshop
25:37 Workshop
28:25 Town Hall
28:31 Scout Tower
28:31 Scout Tower
28:34 Scout Tower
28:35 Scout Tower
28:37 Scout Tower
28:38 Scout Tower
28:43 Scout Tower
28:44 Scout Tower
28:46 Scout Tower
28:47 Scout Tower
28:51 Scout Tower
28:52 Scout Tower
28:54 Scout Tower
29:08 Guard Tower
29:08 Guard Tower
29:44 Scout Tower
30:02 Guard Tower
30:02 Guard Tower
30:03 Guard Tower
30:03 Guard Tower
30:03 Guard Tower
30:37 Guard Tower
30:37 Guard Tower
30:38 Guard Tower
30:38 Guard Tower
30:59 Guard Tower
31:00 Guard Tower
32:29 Keep
32:30 Keep
32:30 Keep
36:00 Workshop
36:02 Workshop
36:09 Gryphon Aviary
36:14 Gryphon Aviary
36:23 Arcane Vault
» items
| Scroll of Regeneration | 2 | |
| Mechanical Critter | 4 | |
| Staff of Teleportation | 1 | |
| Tome of Retraining | 1 | |
| Periapt of Vitality | 1 | |
| Lesser Clarity Potion | 2 | |
| Scroll of Town Portal | 2 | |
| Staff of Sanctuary | 1 | |
14 total
silent_knight (
teal | 62 APM | 578 actions | 09:22)
3 Dark Ranger
1 Black Arrow
1 Silence
1 Life Drain
» actions
| Assign group hotkey | 132 | |
| Basic commands | 86 | |
| Build / train | 27 | |
| Enter build submenu | 10 | |
| Enter hero's abilities submenu | 3 | |
| Right click | 77 | |
| Select / deselect | 88 | |
| Select group hotkey | 139 | |
| Use ability | 16 | |
578 total
» units
» upgrades
| Strength of the Wild | 1 | |
| Reinforced Hides | 1 | |
| Sentinel | 1 | |
3 total
» buildings
| Moon Well | 3 | |
| Hunter's Hall | 1 | |
| Altar of Elders | 1 | |
| Ancient of War | 2 | |
| Ancient of Wonders | 1 | |
| Tree of Ages | 1 | |
| Ancient Protector | 1 | |
| Tree of Eternity | 1 | |
11 total
» build order
00:03 Moon Well
01:00 Hunter's Hall
01:15 Altar of Elders
01:33 Ancient of War
02:07 Moon Well
02:46 Ancient of War
02:51 Ancient of Wonders
04:18 Moon Well
04:43 Tree of Ages
05:25 Ancient Protector
08:25 Tree of Eternity
Chat log
(00:07 / Allies) GERALT-CIRI: blue
(00:09 / Allies) GERALT-CIRI: its us
(00:18 / Allies) AFKER_TKER_BSER: ahahah
(00:19 / Allies) AFKER_TKER_BSER: nice
(00:22 / Allies) Grimey: ?
(00:32 / Allies) AFKER_TKER_BSER: these guys are my mates
(00:33 / Allies) GERALT-CIRI: we're roomattes
(00:47 / Allies) GERALT-CIRI: im the submissive girl
(00:51 / Allies) Grimey: your "mates" your love partners?
(00:57 / Allies) AFKER_TKER_BSER: yes
(01:00 / Allies) Grimey: got it
(01:17 / Allies) AFKER_TKER_BSER: yes
(01:52 / Allies) AFKER_TKER_BSER: we are room mates
(02:00 / Allies) AFKER_TKER_BSER: we sometimes play this game called the mexican stand off
(02:13 / Allies) GERALT-CIRI: yea chill green
(02:14 / Allies) Grimey: which is?
(02:27 / Allies) Grimey: im chill like a cucumber
(02:28 / Allies) AFKER_TKER_BSER: we stay awake forever
(02:32 / Allies) AFKER_TKER_BSER: yes
(02:35 / Allies) MoonCricket: me take
(02:41 / Allies) MoonCricket: me creep alone
(02:53 / Allies) GERALT-CIRI: mine
(03:10 / Allies) AFKER_TKER_BSER: oh lol oj is alone
(03:57 / Allies) GERALT-CIRI: u want pendant big boy?
(04:01 / Allies) GERALT-CIRI: talking to crypt lord
(04:31 / All) GERALT-CIRI: mh much
(04:35 / All) AFKER_TKER_BSER: who
(05:01 / All) GERALT-CIRI: purple
(05:12 / All) AFKER_TKER_BSER: Purple stop MHing
(05:50 / Allies) GERALT-CIRI: green y didn tu help me u son of a bitch
(06:16 / Allies) GERALT-CIRI: he literally was almost dead
(07:07 / Allies) GERALT-CIRI: gonna get island expo
(07:35 / All) GERALT-CIRI: blue mh!!!!!!!!!!!!!
(07:39 / All) GERALT-CIRI: teal is nub!!!!!!
(07:49 / All) AFKER_TKER_BSER: no green told me he was there
(08:00 / All) GERALT-CIRI: green mh
(08:18 / Allies) GERALT-CIRI: wood plz
(09:26 / All) AFKER_TKER_BSER: damn
(09:29 / Allies) GERALT-CIRI: i like having him wiht us
(09:42 / All) MoonCricket: PUSS ALERT
(09:44 / All) AFKER_TKER_BSER: why that nigga leaft
(09:47 / All) MoonCricket: RED IS A PUSSY
(09:52 / All) GERALT-CIRI: WOOD ME FUCKERS
(10:26 / All) AFKER_TKER_BSER: Why that nigga left
(10:32 / Allies) Grimey: i eed tood too
(10:38 / All) LETSGOTOWORK: Red is a homo
(11:37 / Allies) Grimey: yellow trade you for wood
(12:05 / Allies) Grimey: yellow@!
(12:27 / Allies) MoonCricket: me need me wood
(12:27 / All) GERALT-CIRI: u lagging nigga blue
(12:56 / All) GERALT-CIRI: me give crypt lord cloak of flames?
(13:13 / Allies) GERALT-CIRI: ill give u cloak in 2 min
(13:34 / All) AFKER_TKER_BSER: get niggered
(13:36 / All) AFKER_TKER_BSER: stupid nigger
(13:47 / All) Grimey: stfu blue
(14:08 / All) AFKER_TKER_BSER: why stfu
(14:17 / All) AFKER_TKER_BSER: u have no idea whats coming
(14:43 / All) MoonCricket: Jon Stockton > Penny Hardaway
(14:56 / All) AFKER_TKER_BSER: John Stockton*
(14:57 / All) GERALT-CIRI: me give crypt lord cloak
(15:25 / All) GERALT-CIRI: go own reds army
(15:27 / All) GERALT-CIRI: fat boy
(15:30 / All) GERALT-CIRI: u got cloak
(16:54 / All) GERALT-CIRI: crypt lord vs bm battle
(17:02 / Allies) AFKER_TKER_BSER: u want?
(17:09 / All) GERALT-CIRI: go
(17:36 / All) GERALT-CIRI: too much hp
(20:20 / All) GERALT-CIRI: red u afk?
(23:14 / Allies) GERALT-CIRI: gold plz green
(24:07 / All) MoonCricket: HELP
(24:07 / All) MoonCricket: TK
(24:08 / All) GERALT-CIRI: GREEN TK
(24:08 / All) MoonCricket: HELP
(24:09 / All) MoonCricket: TK
(24:10 / All) GERALT-CIRI: BLUE GET UNITS
(24:14 / All) LETSGOTOWORK: reported green
(24:16 / All) GERALT-CIRI: yellow get units
(24:17 / All) GERALT-CIRI: green tk
(24:20 / All) AFKER_TKER_BSER: green?
(24:53 / All) AFKER_TKER_BSER: my team civil war
(24:53 / All) GERALT-CIRI: green nub tker
(25:30 / All) MoonCricket: TKS GO TO HELL!
(25:33 / All) GERALT-CIRI: green gotta die
(25:39 / All) GERALT-CIRI: leave his altar so we kill his hero a second time
(26:05 / All) GERALT-CIRI: woot thx blue
(26:10 / All) GERALT-CIRI: not sure why this prick green tked
(26:18 / All) LETSGOTOWORK: just report and move on
(26:20 / All) Grimey: you kow why bitch
(26:37 / All) GERALT-CIRI: green will be 31-20
(26:41 / All) MoonCricket: I HATE TKS!
(26:42 / All) GERALT-CIRI: cuz hes an arrogant tking prick
(26:46 / All) MoonCricket: TAKE THAT
(26:48 / All) MoonCricket: TASTE THE PAIN
(26:49 / All) Grimey: i love tking
(26:56 / All) LETSGOTOWORK: reported
(27:00 / All) LETSGOTOWORK: kiss your cd key goodbye green
(27:04 / All) GERALT-CIRI: kodo #1 green
(27:08 / All) LETSGOTOWORK: grubby #1
(27:11 / All) LETSGOTOWORK: rapes kodos any day as undead
(27:42 / All) GERALT-CIRI: really glad blue saw through green's deception
(27:59 / 8) MoonCricket: start mass expanding
(28:02 / All) GERALT-CIRI: green is like that traitor that betrayed king theoden in LOTR
(28:02 / 8) MoonCricket: all your side
(28:09 / 5) LETSGOTOWORK: am but why
(28:13 / 5) LETSGOTOWORK: just green
(28:14 / 5) LETSGOTOWORK: left
(28:21 / All) Grimey: ugh the nerd talk is nauseating
(28:27 / All) LETSGOTOWORK: then why are you talking
(28:40 / 5) LETSGOTOWORK: k
(30:09 / All) GERALT-CIRI: we put someone into a standoff earlier tonight
(30:12 / All) GERALT-CIRI: well, 2 people
(30:19 / All) LETSGOTOWORK: did that game of ours end yet
(30:23 / All) AFKER_TKER_BSER: green pretending hes not here
(30:25 / All) GERALT-CIRI: yes i was 0-1
(30:33 / All) GERALT-CIRI: who was in the game
(30:36 / All) GERALT-CIRI: legionaire
(30:40 / All) GERALT-CIRI: and
(30:48 / All) GERALT-CIRI: get lvl 6 fat boy
(30:48 / All) AFKER_TKER_BSER: U stand off legionnaire?
(30:51 / All) GERALT-CIRI: yes
(30:53 / All) GERALT-CIRI: lawl
(30:56 / All) AFKER_TKER_BSER: LOL
(31:01 / All) LETSGOTOWORK: he won it
(31:02 / All) LETSGOTOWORK: I think
(31:02 / All) GERALT-CIRI: got replay as proof
(31:09 / All) GERALT-CIRI: who wa sothe rguy
(31:11 / All) GERALT-CIRI: forgot his name
(31:13 / All) MoonCricket: he lost it
(31:24 / All) MoonCricket: whoever pink was won
(31:25 / All) LETSGOTOWORK: kill those gryphs
(31:35 / All) MoonCricket: where
(31:38 / All) LETSGOTOWORK: kill them
(31:42 / All) LETSGOTOWORK: they're right there lol
(31:44 / All) AFKER_TKER_BSER: no aa
(31:44 / All) MoonCricket: oh
(32:02 / All) GERALT-CIRI: the hell ur still not 6?
(32:07 / All) MoonCricket: *unzips*
(32:09 / All) LETSGOTOWORK: making more shit
(32:09 / All) AFKER_TKER_BSER: 1 more
(32:10 / All) MoonCricket: SWORD FIGHT!
(32:54 / All) GERALT-CIRI: greens a sicko
(33:01 / All) MoonCricket: spinner
(33:23 / All) GERALT-CIRI: now lets do crypt lord vs bm
(33:39 / Allies) AFKER_TKER_BSER: wait
(33:42 / Allies) AFKER_TKER_BSER: im not full health
(33:56 / All) GERALT-CIRI: we doign standoff
(34:00 / Allies) AFKER_TKER_BSER: yes
(36:54 / All) GERALT-CIRI: yellow killing mk with sappers
(37:23 / All) GERALT-CIRI: standoff done my shit
(37:34 / Allies) GERALT-CIRI: i think hes mad u killed his towers so he alt tabbed
(37:40 / Allies) GERALT-CIRI: he didnt even killh is farms yet
(38:15 / Allies) GERALT-CIRI: finish his farms and hall i guess
(38:17 / Allies) GERALT-CIRI: leave othe rshit
(38:23 / Allies) MoonCricket: go ahead and unsummon blue
(38:43 / Allies) AFKER_TKER_BSER: hold green hostage
(38:55 / Allies) MoonCricket: no need
(38:56 / Allies) GERALT-CIRI: we just gonna put red and green in standoff then elave
(38:58 / Allies) MoonCricket: green and red are both here
(39:12 / Allies) MoonCricket: legit standoff
(39:24 / Allies) AFKER_TKER_BSER: i will stay to make sure green loses
(40:01 / Allies) GERALT-CIRI: make sure red loses too he 3-0
(40:12 / Allies) AFKER_TKER_BSER: red is 3-0 lol
(40:14 / Allies) AFKER_TKER_BSER: i will win then
(40:17 / Allies) AFKER_TKER_BSER: but this will take a long time
(40:23 / Allies) AFKER_TKER_BSER: i will wait it out
(40:24 / Allies) GERALT-CIRI: yes it will
(40:30 / Allies) GERALT-CIRI: we'll whisper u tomorrow if game is sitll on
(40:37 / Allies) AFKER_TKER_BSER: lol
(40:44 / Allies) AFKER_TKER_BSER: hope we dont dc
(40:52 / Allies) MoonCricket: blue unsummon in case you drop
(40:57 / Allies) MoonCricket: so green can't use your stuffa nd win
(41:04 / Allies) AFKER_TKER_BSER: yes
(41:12 / Allies) MoonCricket: we all go 0/0
(41:34 / All) GERALT-CIRI: guarantee u red and green never left
(41:44 / All) GERALT-CIRI: guarand god damn tee
(42:18 / Allies) AFKER_TKER_BSER: gonna fly gargs to tower
(45:12 / Allies) MoonCricket: green have anything left?
(45:17 / Allies) AFKER_TKER_BSER: no
(45:21 / Allies) AFKER_TKER_BSER: he only staying for the win
(45:39 / Allies) AFKER_TKER_BSER: im leaving my comp all night
(45:48 / Allies) AFKER_TKER_BSER: i dont want red to win also he is 3-0
(46:01 / Allies) MoonCricket: make sure you're at 0/0
(46:28 / Allies) AFKER_TKER_BSER: why is oj killing himself
(46:37 / Allies) MoonCricket: because he's leaving
(46:41 / Allies) MoonCricket: red will be only one left
(46:44 / Allies) MoonCricket: he'll be at 0/0
(46:46 / Allies) AFKER_TKER_BSER: are u leaving
(46:48 / Allies) MoonCricket: orange is our friend
(46:49 / Allies) MoonCricket: yeah
(46:56 / Allies) MoonCricket: we need ot leave everything at 0/0
(46:57 / Allies) AFKER_TKER_BSER: ur leaving me?
(46:59 / Allies) MoonCricket: yeh
(47:02 / Allies) AFKER_TKER_BSER: fuck
(47:05 / Allies) MoonCricket: we always leave standoffs
(47:10 / Allies) MoonCricket: we leave them to duke it out
(47:10 / Allies) AFKER_TKER_BSER: make sure u are 0/0
(47:13 / Allies) MoonCricket: I will
(48:46 / All) MoonCricket: sneaky
(48:47 / Allies) AFKER_TKER_BSER: what there
(48:56 / Allies) AFKER_TKER_BSER: what is it
(48:58 / Allies) MoonCricket: zep
(48:59 / Allies) MoonCricket: green's
(49:04 / Allies) AFKER_TKER_BSER: lol
(49:07 / Allies) AFKER_TKER_BSER: i cant see it
(49:15 / Allies) MoonCricket: use delet and insert keys
(49:21 / Allies) MoonCricket: delete in this case
(49:31 / Allies) AFKER_TKER_BSER: whoa
(49:33 / Allies) AFKER_TKER_BSER: i didnt know that
(49:35 / Allies) AFKER_TKER_BSER: lol
(49:37 / Allies) MoonCricket: lawl
(50:08 / Allies) MoonCricket: let's see if a peasant falls out
(50:18 / Allies) MoonCricket: I bet he had one in it
(50:24 / All) MoonCricket: green had zep hidden top right corner
(50:29 / All) MoonCricket: not sure if it had anything in it
(51:11 / Allies) MoonCricket: you gonna unsummon the rest?
(51:14 / Allies) AFKER_TKER_BSER: yes
(51:42 / Allies) AFKER_TKER_BSER: only mines left
(55:45 / Allies) AFKER_TKER_BSER: ya
(55:46 / Allies) MoonCricket: send in zep to orange isle
(63:31 / Allies) AFKER_TKER_BSER: why kill me
(63:36 / Allies) MoonCricket: 0/0 everyone
(64:11 / All) MoonCricket: Green had another peasant squirrled away
(64:29 / Allies) AFKER_TKER_BSER: kill yourself after
(64:32 / All) MoonCricket: green has mass resources he wants us to leave/drop with his peasants still there
(64:34 / Allies) MoonCricket: I will
(71:04 / Allies) AFKER_TKER_BSER: kill your air he can use that if u drop
(71:17 / Allies) MoonCricket: combing the map in case I missed soemthing
(71:56 / Allies) AFKER_TKER_BSER: im tabbing out now
(72:06 / Allies) AFKER_TKER_BSER: make sure u kill ur air or he will win
(72:20 / Allies) MoonCricket: I will and I'll be at 0/0 pretty soon
(73:00 / All) MoonCricket: pretty sure that's everything
(73:05 / All) LETSGOTOWORK: k
(73:09 / All) LETSGOTOWORK: don't have fun red and green
(73:12 / All) LETSGOTOWORK: gl
(73:51 / All) MoonCricket: bad luck, do not have any fun!